 Dungeon Crawl Stone Soup version 0.22-a0-159-g7ce444f (webtiles) character file.

49 theanonym the Stinger (level 3, -2/24 HPs)
             Began as a Mummy Venom Mage on Feb 9, 2018.
             Slain by Sigmund
             ... wielding a +0 scythe
              (4 damage)
             ... on level 2 of the Dungeon.
             The game lasted 00:04:46 (1489 turns).

theanonym the Stinger (Mummy Venom Mage)            Turns: 1489, Time: 00:04:46

Health: -2/24      AC:  2    Str: 11    XL:     3   Next: 53%
Magic:  1/7        EV: 12    Int: 15    God:
Gold:   65         SH:  0    Dex: 12    Spells: 2/8 levels left

rFire    x . .     SeeInvis .   h - +1 dagger (venom)
rCold    + . .     Gourm    .   (no shield)
rNeg     + + +     Faith    .   a - +0 robe
rPois    ∞         Spirit   .   (no helmet)
rElec    .         Reflect  .   (no cloak)
rCorr    .         Harm     .   (no gloves)
MR       .....                  (no boots)
Stlth    +.........             (no amulet)
HPRegen  0.08/turn              (no ring)
MPRegen  0.10/turn              (no ring)

@: confused, very slightly contaminated
A: no food or potions, fire vulnerability, cold resistance 1, negative energy
resistance 3, torment resistance, unbreathing
a: no special abilities


Innate Abilities, Weirdness & Mutations

You do not eat or drink.
Your flesh is vulnerable to fire.
You are immune to poison.
Your flesh is cold resistant. (rC+)
You are immune to negative energy. (rN+++)
You are immune to unholy pain and torment.
You can survive without breathing.


   Skills:
 - Level 1.5 Dodging
 - Level 1.5 Stealth
 - Level 3.0 Spellcasting
 + Level 1.0 Conjurations
 + Level 0.9 Air Magic
 * Level 3.3 Poison Magic


You had 2 spell levels left.
You knew the following spells:

 Your Spells              Type           Power        Failure   Level  Hunger
a - Sting                 Conj/Pois      #...         9%          1    N/A
b - Poisonous Vapours     Pois/Air       #.....       12%         2    N/A
d - Mephitic Cloud        Conj/Pois/Air  #.......     28%         3    N/A

Skill      XL: |  1  2  3 |
---------------+----------+-----
Spellcasting   | 3 |  3.0
Poison Magic   | 3 |  3.3
Conjurations   | 1 |  1.0
Dodging        | |  1.5
Stealth        | |  1.5
Air Magic      | |  0.9

Action                   || total
-------------------------++-------
Melee: Short sword       ||    31
       Unarmed           ||     2
 Cast: Sting             ||    23
       Poisonous Vapours ||    18
  Use: Scroll            ||     2
 Stab: Sleeping          ||     1
Armor: Robe              ||     3
Dodge: Dodged            ||    24

Inventory:

Hand Weapons
 c - a +0 short sword
   (You took it off a kobold on level 1 of the Dungeon)
 h - a +1 dagger of venom (weapon)
   (You found it on level 2 of the Dungeon)
Armour
 a - a +0 robe (worn)
Scrolls
 e - a scroll of random uselessness
 g - a scroll of immolation {unknown}
 i - a scroll of remove curse {unknown}
Books
 b - a Young Poisoner's Handbook


You were on level 2 of the Dungeon.
You were not hungry.

You visited 1 branch of the dungeon, and saw 2 of its levels.

You collected 65 gold pieces.

Dungeon Overview and Level Annotations

Branches:
Dungeon (2/15)

Altars:

Annotations:
D:2 Sigmund

##### ##...## ##.....##
##.......# #@.@⌠....#
#..≈≈≈...# ##..≈≈≈...#
#...≈≈≈...# #...≈≈≈...#
#.(.......## ####
#(#........#####...
.........................
.....................####


You could see Sigmund.

Notes
Turn   | Place    | Note
-------+----------+-------------------------------------------
     0 | D:1      | theanonym the Mummy Venom Mage began the quest for the Orb.
     0 | D:1      | Reached XP level 1. HP: 13/13 MP: 4/4
    85 | D:1      | HP: 2/13 [hobgoblin/club (5)]
   101 | D:1      | HP: 1/13 [hobgoblin/club (2)]
   114 | D:1      | Reached skill level 3 in Spellcasting
   114 | D:1      | Reached XP level 2. HP: 2/19 MP: 0/6
   334 | D:1      | Learned a level 2 spell: Poisonous Vapours
   632 | D:1      | Reached skill level 3 in Poison Magic
   963 | D:1      | Reached XP level 3. HP: 24/24 MP: 3/7
  1216 | D:2      | Learned a level 3 spell: Mephitic Cloud
  1361 | D:2      | Reached skill level 1 in Conjurations
  1471 | D:2      | Noticed Sigmund
  1477 | D:2      | HP: 1/24 [Sigmund/puff of flame (13)]
  1489 | D:2      | Slain by Sigmund

Vanquished Creatures
  An adder (D:2)
  A dart slug (D:1)
  A leopard gecko (D:2)
  A giant cockroach (D:1)
  3 goblins
  9 hobgoblins
  4 jackals (D:1)
  3 kobolds (D:1)
  3 bats (D:1)
  3 frilled lizards
  5 rats
34 creatures vanquished.

Vanquished Creatures (others)
  A plant (D:1)
1 creature vanquished.

Grand Total: 35 creatures vanquished

Table legend:
 A = Turns spent in this place as a percentage of turns spent in the entire game.
 B = Non-inter-level travel turns spent in this place as a percentage of non-inter-level travel turns spent in the entire game.
 C = Inter-level travel turns spent in this place as a percentage of turns spent in this place.
 D = Turns resting spent in this place as a percentage of non-inter-level travel turns spent in this place.
 E = Turns spent auto-exploring this place as a percentage of non-inter-level travel turns spent in this place.
 F = Non-inter-level travel turns spent in this place divided by the number of levels of this place that you've seen.
                   A       B       C       D       E      F
               +-------+-------+-------+-------+-------+----------------------
         Total | 100.0 | 100.0 |   3.2 |  46.6 |  39.1 | 720.5
       Dungeon | 100.0 | 100.0 |   3.2 |  46.6 |  39.1 | 720.5
               +-------+-------+-------+-------+-------+----------------------
